 Dungeon Crawl Stone Soup version 0.20-a0-472-g5c05303 (webtiles) character file.

47 HarleyQuinn the Cudgeler (level 3, -1/36 HPs)
             Began as a Troll Monk on Jan 14, 2017.
             Slain by a goblin (6 damage)
             ... led by Robin
             ... on level 2 of the Dungeon.
             The game lasted 00:01:32 (988 turns).

HarleyQuinn the Cudgeler (Troll Monk)                Turns: 988, Time: 00:01:33

Health: -1/36      AC:  5    Str: 20    XL:     3   Next: 48%
Magic:  2/2        EV: 10    Int:  6    God:
Gold:   52         SH:  0    Dex: 12    Spells: 2/2 levels left

rFire  . . .     SeeInvis .     a - +0 mace
rCold  + . .     Gourm    +     b - +0 robe
rNeg   . . .     Faith    .     (no shield)
rPois  .         Spirit   .     (helmet restricted)
rElec  .         Reflect  .     (no cloak)
rCorr  .         Harm     .     (gloves unavailable)
MR     .....                    (boots unavailable)
Stlth  ++........               (no amulet)
                                (no ring)
                                i - ring of protection from cold

@: no status effects
A: unfitting armour, claws 3, fast metabolism 3, gourmand, regeneration 1,
shaggy fur 1, tough skin 2
a: no special abilities


You were on level 2 of the Dungeon.
You were not hungry.

You visited 1 branch of the dungeon, and saw 2 of its levels.

You collected 52 gold pieces.

Inventory:

Hand Weapons
 a - a +0 mace (weapon)
Armour
 b - a +0 robe (worn)
Jewellery
 i - a ring of protection from cold (left claw)
Scrolls
 f - a scroll of random uselessness {unknown}
 g - a scroll of fear {unknown}
 h - a scroll of teleportation {unknown}
 j - a scroll of magic mapping {unknown}
Potions
 d - a potion of berserk rage {unknown}
 e - a potion of lignification {unknown}
 k - a potion of mutation {unknown}
 l - a potion of cancellation {unknown}
 m - a potion of might
Comestibles
 c - 3 bread rations


   Skills:
 - Level 2.4 Fighting
 + Level 4.1 Maces & Flails
 - Level 2.4 Dodging
 - Level 1.0 Stealth


You had 2 spell levels left.
You didn't know any spells.

Dungeon Overview and Level Annotations

Branches:
Dungeon (2/15)

Altars:

Annotations:
D:2 Robin


Innate Abilities, Weirdness & Mutations

You are too large for most types of armour.
You have claws for hands.
Your metabolism is lightning-fast.
You like to eat raw meat.
Your natural rate of healing is unusually fast.
You are covered in fur. (AC +1)
You have very tough skin. (AC +2)


Message History

The goblin hits you but does no damage.
You hit the goblin.
The goblin is severely wounded.
The goblin closely misses you. The goblin hits you.
The goblin barely misses you.
You closely miss the goblin.
The goblin is severely wounded.
The goblin barely misses you. x2; Robin hits you with a dagger.
The goblin closely misses you.
The goblin hits you but does no damage. x2
You hit the goblin.
You kill the goblin!
Robin throws the goblin at you! The goblin hits you but does no damage.
The goblin hits you with a club. The goblin hits you but does no damage.
You barely miss the goblin. The goblin hits you but does no damage.
The goblin hits you. The goblin hits you with a club.
* * * LOW HITPOINT WARNING * * *
The goblin hits you.
* * * LOW HITPOINT WARNING * * *
You barely miss the goblin. The goblin hits you.
You die...

###.. ..'.# ..#.##
#....## #.....## #.
#gg....# #. #gg....#
... #. #@#...#####
..# #.
#.###gg..###..## ..#
#.
.........###....###.#
#.
##..####.##......##.#
#. #.
#............###.
###..#...##........
#<..............###
....##.##.###......#
♣.###
#.##...##...#.##


You could see Robin and 5 goblins.

Vanquished Creatures
  An adder (D:2)
  A worm (D:1)
  2 leopard geckos (D:1)
  2 giant cockroaches (D:1)
  4 goblins
  5 hobgoblins
  3 jackals (D:1)
  2 bats (D:1)
  A frilled lizard (D:1)
  7 kobolds (D:1)
  3 rats (D:1)
31 creatures vanquished.

Notes
Turn   | Place    | Note
-------+----------+-------------------------------------------
     0 | D:1      | HarleyQuinn the Troll Monk began the quest for the Orb.
     0 | D:1      | Reached XP level 1. HP: 22/22 MP: 0/0
    47 | D:1      | Reached skill level 3 in Maces & Flails
   120 | D:1      | Reached XP level 2. HP: 29/29 MP: 1/1
   595 | D:1      | Reached XP level 3. HP: 36/36 MP: 2/2
   964 | D:2      | Reached skill level 4 in Maces & Flails
   965 | D:2      | Noticed Robin
   988 | D:2      | Slain by a goblin

Vault maps used:
D:1:      evilmike_arrival_run_for_it, kennysheep_flooded_box
D:2:      serial_forest, infiniplex_forest_lined_3,
          infiniplex_forest_lined_room_2, infiniplex_forest_join,
          infiniplex_forest_3_way, infiniplex_forest_clump_cross,
          infiniplex_forest_clump_diagonal, infiniplex_forest_straight_2,
          infiniplex_forest_side_room, infiniplex_forest_lined_3_way,
          first_bread, minmay_misc_feat_tower, minivault_19, uniq_robin

Skill      XL: |  1  2  3 |
---------------+----------+-----
Maces & Flails | 3 4 |  4.1
Fighting       | |  2.4
Dodging        | |  2.4
Stealth        | |  1.0

Action                   || total
-------------------------++-------
Melee: Mace              ||    99
 Stab: Sleeping          ||     1
  Eat: Chunk             ||    10
Armor: Robe              ||    65
Dodge: Dodged            ||   108
